 Dungeon Crawl Stone Soup version 0.29-a0-1009-g60c99734e7 (webtiles) character file.

Game seed: 8829389004770190837

2 flotson the Sneak (level 1, -1/18 HPs)
             Began as a Demonspawn Delver on Aug 9, 2022.
             Slain by an ice beast (10 damage)
             ... on level 5 of the Dungeon.
             The game lasted 00:00:39 (288 turns).

flotson the Sneak (Demonspawn Delver)                Turns: 288, Time: 00:00:40

Health: -1/18      AC:  3    Str: 12    XL:     1   Next: 33%
Magic:  1/1        EV: 11    Int: 11    God:
Gold:   12         SH:  0    Dex: 14    Spells: 0/0 levels left

rFire   . . .      SeeInvis .   a - +0 spear
rCold   . . .      Faith    .   (no shield)
rNeg    . . .      Spirit   .   b - +0 leather armour
rPois   .          Reflect  .   (no helmet)
rElec   .          Harm     .   (no cloak)
rCorr   .          Rampage  .   (no gloves)
Will    .....                   (no boots)
Stlth   ++........              (no amulet)
HPRegen 0.06/turn               (no ring)
MPRegen 0.07/turn               (no ring)

@: no status effects
A: no striking features
a: no special abilities


You were on level 5 of the Dungeon.
You visited 1 branch of the dungeon, and saw 1 of its levels.

You collected 12 gold pieces.

Inventory:

Hand Weapons
 a - a +0 spear (weapon)
Armour
 b - a +0 leather armour (worn)
Wands
 g - a wand of digging (3)
Scrolls
 c - a scroll of fog
 e - a scroll of fear
Potions
 f - a potion of haste


   Skills:
 + Level 3.0 Fighting
 - Level 1.7 Polearms
 + Level 0.1 Armour
 + Level 1.8 Dodging
 - Level 4.5 Stealth
 + Level 0.2 Evocations


You couldn't memorise any spells.
You didn't know any spells.
Your spell library was empty.

Dungeon Overview and Level Annotations

Branches:
Dungeon (5/15)
 Temple: D:4-7

Altars:
Okawaru


Message History

No target in view!
No target in view!
No target in view!
No target in view!
No target in view!
No target in view!
HP restored.
Found a stone staircase leading down.
You now have 12 gold pieces.
There is a stone staircase leading down here.
Found a robe.
You enter the shallow water.
Moving in this stuff is going to be slow.
Found 5 stones.
A phantom comes into view.
You see here 9 gold pieces.
Reach: a) +0 spear
Press: ? - help, Dir - move target, f - you
Okay, then.
Unknown command.
A phantom comes into view.
As you read the scroll of magic mapping, it crumbles to dust.
You feel aware of your surroundings.
You sensed 1 shop/portal.
Found an amethyst potion.
The phantom attacks as you move away! The phantom barely misses you.
The phantom attacks as you move away! The phantom barely misses you.
An ice beast comes into view.
Found a buckler.
The phantom attacks as you move away! The phantom closely misses you.
Found a silvery potion.
Found a scroll labelled DICEPU HOMI.
Found a stone staircase leading up.
The phantom attacks as you move away! The phantom hits you.
The ice beast barely misses you. The ice beast hits you.
The ice beast freezes you. The phantom attacks as you move away!
The phantom barely misses you. The ice beast attacks as you move away!
The ice beast misses you.
There is a stone staircase leading up here.
The ice beast hits you. The ice beast freezes you!
Ouch! That really hurt!
You die...

*,,,,*****##,*,#.......###
*,,,,,**###!..,#..#......#
*,,,,,,,.....###.......#.##
*,,,,,,*,#................#
*,,**,,*,#..........#.....#
*,,**,,*,#............#*#!.
*,,,,,,,,#............# #..
*****,***#.WW....####.###..
**,* #@Y.....# ##...## *,,*
#......?# #####* *,**
######### *,+,,, *,*
********,*,** *,*
*,,,,,,,,*,* *,*
*,********,** *,* *,* *,,,
*,******** *,* **+**
*,,,,,,,,***,* *,,*


You could see an ice beast and 2 phantoms.

Vanquished Creatures
  2 goblins (D:5)
2 creatures vanquished.

Notes
Turn   | Place    | Note
-------+----------+-------------------------------------------
     0 | D:5      | flotson the Demonspawn Delver began the quest for the Orb.
     0 | D:5      | Reached XP level 1. HP: 18/18 MP: 1/1
    17 | D:5      | Found an iron altar of Okawaru.
   223 | D:5      | Noticed a phantom
   241 | D:5      | Noticed a phantom
   277 | D:5      | Noticed an ice beast
   288 | D:5      | Slain by an ice beast

Illustrated notes

Levels and vault maps discovered:
D:5:      layout_loops_cross, kennysheep_okawaru_gauntlet,
          chequers_serial_rivers_micro_c, hangedman_decor_riveting,
          minmay_misc_feat_encased, nicolae_shop_i_like_big_books,
          goddamned_bats

Action                   || total
-------------------------++-------
Melee: Spear             ||     8
  Use: Scroll            ||     1
Dodge: Dodged            ||    11

Table legend: (Time is in decaauts)
 A = Elapsed time spent in this place.
 B = Non-inter-level travel time spent in this place.
 C = Inter-level travel time spent in this place.
 D = Time resting spent in this place.
 E = Time spent auto-exploring this place.
 F = Levels seen in this place.
 G = Mean time per level.
                   A        B        C        D        E       F      G
               +--------+--------+--------+--------+--------+-----+--------+
         Total |    288 |    288 |      0 |      0 |    206 |   1 |  288.0 |
       Dungeon |    288 |    288 |      0 |      0 |    206 |   1 |  288.0 |
               +--------+--------+--------+--------+--------+-----+--------+

Top non-repeatable levels by time:
     D:5: 288 daAuts
